 Dungeon Crawl Stone Soup version 0.27.1-33-g824d729ab1 (webtiles) character file.

Game seed: 14617797414552211307

4531 Nixze the Severer (level 10, -9/88 HPs)
             Began as a Minotaur Berserker on Dec 16, 2021.
             Was an Elder of Trog.
             Killed from afar by Maggie (20 damage)
             ... with a bolt of fire
             ... on level 8 of the Dungeon.
             The game lasted 00:11:40 (8133 turns).

Nixze the Severer (Minotaur Berserker)              Turns: 8133, Time: 00:11:41

Health: -9/88      AC: 12    Str: 31    XL:     10   Next: 17%
Magic:  9/9        EV:  8    Int: 10    God:    Trog [****..]
Gold:   139        SH:  5    Dex: 10    Spells: 9/9 levels left

rFire    . . .     SeeInvis .   B - +0 war axe
rCold    . . .     Faith    .   (no shield)
rNeg     . . .     Spirit   .   J - +0 plate armour
rPois    .         Reflect  +   (helmet restricted)
rElec    .         Harm     .   n - +0 cloak
rCorr    .         Rampage  .   (no gloves)
Will     .....                  (no boots)
Stlth    ..........             x - amulet of reflection
HPRegen  0.24/turn              s - +6 ring of strength
MPRegen  0.11/turn              l - +6 ring of intelligence

@: on berserk cooldown, slowed, very slow
A: horns 2, retaliatory headbutt
a: Renounce Religion, Berserk, Trog's Hand, Brothers in Arms


You were on level 8 of the Dungeon.
You worshipped Trog.
Trog was greatly pleased with you.
You visited 1 branch of the dungeon, and saw 8 of its levels.
You visited the Abyss 1 time.
You also visited: Sewer.

You collected 355 gold pieces.
You spent 216 gold pieces at shops.

Inventory:

Hand Weapons
 z - a +0 hunting sling
 B - a +0 war axe (weapon)
 D - a +1 hand axe of flaming
Missiles
 b - 115 stones (quivered)
 q - 33 sling bullets
 w - 34 poisoned darts
 L - 18 boomerangs
Armour
 n - a +0 cloak (worn)
 J - a +0 plate armour (worn)
Jewellery
 d - a ring of magical power
 e - a ring of fire
 h - a +6 ring of intelligence
 i - a ring of fire
 l - a +6 ring of intelligence (right hand)
 s - a +6 ring of strength (left hand)
 x - an amulet of reflection (around neck)
 K - a ring of ice
Wands
 v - a wand of flame (40)
 A - a wand of iceblast (7)
 G - a wand of acid (12)
Scrolls
 c - a scroll of vulnerability
 f - 3 scrolls of identify
 g - 4 scrolls of magic mapping
 o - a scroll of fog
 p - a scroll of immolation {unknown}
 r - 2 scrolls of enchant armour {unknown}
 y - 3 scrolls of fear
 C - 2 scrolls of blinking
 H - 2 scrolls of enchant weapon {unknown}
Potions
 a - a potion of curing
 j - 2 potions of haste
 k - a potion of cancellation {unknown}
 m - 2 potions of magic {unknown}
 t - a potion of attraction {unknown}
 u - a potion of ambrosia {unknown}
 E - a potion of mutation {unknown}
 I - a potion of lignification {unknown}


   Skills:
 - Level 8.0 Fighting
 * Level 15.6 Axes
 - Level 2.4 Armour
 - Level 2.1 Dodging


You had 9 spell levels left.
You didn't know any spells.
Your spell library was empty.

Dungeon Overview and Level Annotations

Branches:
Dungeon (8/15)             Temple (0/1) D:4           Sewer (visited)
   Lair: D:8-11

Altars:
Dithmenos
Gozag
Hepliaklqana
Yredelemnul
Zin

Shops:
D:6 ?

Annotations:
D:8 3 runed translucent doors, Maggie


Innate Abilities, Weirdness & Mutations

You have a pair of horns on your head.
You reflexively headbutt those who attack you in melee.


Message History

The tentacled starspawn bites you!
* * * LOW HITPOINT WARNING * * *
The tentacled starspawn tentacle-slaps you.
* * * LOW HITPOINT WARNING * * *
Your plate armour prevents you from hitting the tentacled starspawn.
You headbutt the tentacled starspawn!
You destroy the tentacled starspawn!
Trog accepts your kill.
The starspawn's tentacles wither and die.
Your Axes skill gained 2 levels and is now at level 15!
You have reached level 10!
The substance of the Abyss twists violently, and a gateway leading out appears!
There is a gateway leading out of the Abyss here.
You feel a strong urge to attack something.
You pass through the gate.
Welcome back to the Dungeon!
Level annotation: 3 runed translucent doors, Maggie The orc hits you with a +0 flail!
* * * LOW HITPOINT WARNING * * *
You are too berserk!
Okay, then.
Unknown command.
Unknown command.
You are too berserk!
You feel your anger nearly subside.
You are no longer berserk.
You are exhausted.
You feel yourself slow down.
You slash the orc!
You kill the orc!
Trog accepts your kill.
You hit the fungus.
The fungus begins to die.
Maggie zaps a wand.
The mass of ice explodes!
The iceblast engulfs you!
* * * LOW HITPOINT WARNING * * *
The iceblast engulfs the fungus!
You hear a shout! x2
It was a potion of curing.
You feel better.
Maggie practices a pose.
Maggie points at you and mumbles some strange words.
The bolt of fire hits you!!
You die...

......## .......##
........#########
..........#.....######
...............P...... .
..........P..PPPP.P####..
..............P.P.P......
........P..P.....P.....#
..........PPP...@....@.#
.........P..#+##)......#
............# #..†....#
........P.PP# #..P....#
........P.P.# #.hPP.$.#
..........P. .P.P....#
......#... ....P......
+###### .P.P....### ...#
......##..


You could see Maggie and a black bear.

Vanquished Creatures
  A tentacled starspawn (Abyss:1)
  Prince Ribbit (D:7)
  2 swamp worms (D:7)
  A water moccasin (D:5)
  A sky beast (D:5)
  3 black bears
  A hornet zombie (D:6)
  A necrophage (D:6)
  An ogre (D:6)
  3 bullfrogs
  A wyvern zombie (D:7)
  A scorpion (D:4)
  A water moccasin skeleton (D:5)
  5 killer bees (D:7)
  5 wights (D:6)
  4 howler monkeys
  2 centaur zombies
  2 jellies (D:7)
  2 bullfrog skeletons
  4 orc priests
  3 hounds
  An iguana (D:6)
  Terence (D:2)
  Natasha (D:3)
  2 orc wizards (D:5)
  A hound skeleton (D:4)
  Robin (D:2)
  8 adders
  3 gnolls (D:7)
  2 howler monkey skeletons
  A shadow imp (D:6)
  3 ufetubi
  2 worms
  A dart slug (D:5)
  19 orcs
  5 bats
  6 endoplasms
  15 giant cockroaches
  16 goblins
  6 hobgoblins
  8 quokkas
  3 ball pythons
  7 frilled lizards
  12 kobolds
  4 rats
173 creatures vanquished.

Vanquished Creatures (others)
  4 fungi (D:8)
  A lurking horror (Abyss:1)
  5 plants
  2 starspawn tentacles (Abyss:1)
12 creatures vanquished.

Grand Total: 185 creatures vanquished

Notes
Turn   | Place    | Note
-------+----------+-------------------------------------------
     0 | D:1      | Nixze the Minotaur Berserker began the quest for the Orb.
     0 | D:1      | Reached XP level 1. HP: 19/19 MP: 0/0
   211 | D:1      | Reached skill level 4 in Axes
   491 | D:1      | Reached XP level 2. HP: 25/26 MP: 1/1
  1080 | D:2      | Found a basalt altar of Yredelemnul.
  1150 | D:2      | Reached skill level 5 in Axes
  1150 | D:2      | Reached XP level 3. HP: 28/31 MP: 2/2
  1218 | D:2      | Reached ** piety under Trog
  1247 | D:2      | Noticed Robin
  1259 | D:2      | Killed Robin
  1847 | D:2      | Reached skill level 6 in Axes
  1847 | D:2      | Reached XP level 4. HP: 39/39 MP: 3/3
  1917 | D:2      | Noticed Terence
  1923 | D:2      | Killed Terence
  2121 | D:3      | Found a faded altar of an unknown god.
  2146 | D:3      | Found a glowing drain.
  2192 | Sewer    | Entered a sewer
  2387 | Sewer    | Reached *** piety under Trog
  2396 | Sewer    | Reached XP level 5. HP: 45/45 MP: 4/4
  2435 | Sewer    | Reached skill level 7 in Axes
  2520 | Sewer    | Reached skill level 8 in Axes
  2520 | Sewer    | Reached XP level 6. HP: 44/51 MP: 5/5
  3079 | D:3      | Found a glowing silver altar of Zin.
  3079 | D:3      | Found an opulent altar of Gozag.
  3108 | D:3      | Noticed Natasha
  3117 | D:3      | Killed Natasha
  3747 | D:4      | Reached skill level 9 in Axes
  4208 | D:4      | Found a hazy altar of Hepliaklqana.
  4209 | D:4      | Found a shadowy altar of Dithmenos.
  4210 | D:4      | Noticed a shadow
  4297 | D:4      | Found a staircase to the Ecumenical Temple.
  4675 | D:5      | Entered Level 5 of the Dungeon
  4724 | D:5      | Reached XP level 7. HP: 57/57 MP: 6/6
  4738 | D:5      | Reached **** piety under Trog
  4835 | D:5      | Reached skill level 10 in Axes
  5154 | D:5      | Reached skill level 11 in Axes
  5691 | D:6      | Reached XP level 8. HP: 61/67 MP: 7/7
  5800 | D:6      | Reached skill level 5 in Fighting
  6175 | D:6      | Found Angid's Magic Scroll Shop.
  6178 | D:6      | Bought a scroll of fear for 52 gold pieces
  6178 | D:6      | Bought a scroll of blinking for 112 gold pieces
  6178 | D:6      | Bought a scroll of magic mapping for 52 gold pieces
  6482 | D:7      | Noticed Prince Ribbit
  6495 | D:7      | Reached skill level 12 in Axes
  6520 | D:7      | Killed Prince Ribbit
  6521 | D:7      | Reached XP level 9. HP: 50/81 MP: 8/8
  6771 | D:7      | Reached skill level 13 in Axes
  6773 | D:7      | Reached ***** piety under Trog
  7905 | D:8      | Found a runed translucent gate.
  7905 | D:8      | Found a runed translucent gate.
  7905 | D:8      | Found a runed translucent gate.
  7929 | D:8      | Noticed Maggie
  7942 | D:8      | Cast into level 1 of the Abyss (Maggie)
  7942 | Abyss:1  | Found a corrupted altar of Lugonu.
  7981 | Abyss:1  | Noticed a large abomination
  8003 | Abyss:1  | Found a snail-covered altar of Cheibriados.
  8118 | Abyss:1  | Noticed a tentacled starspawn
  8127 | Abyss:1  | Killed a tentacled starspawn
  8128 | Abyss:1  | Reached skill level 15 in Axes
  8128 | Abyss:1  | Reached XP level 10. HP: 21/88 MP: 9/9
  8130 | D:8      | Escaped the Abyss
  8132 | D:8      | HP: 1/88 [Maggie/iceblast (9)]
  8133 | D:8      | Killed from afar by Maggie

Illustrated notes

Levels and vault maps discovered:
D:1:      dpeg_arrival_radiant, layout_basic, minmay_misc_feat_enclosed
D:2:      layout_loops_corners, basic_altar, uniq_terence, uniq_robin
D:3:      layout_rooms, grunt_temple_overflow_gold_and_silver,
          portal_sewer_entry_f, chequers_ecumenical_altar_simple_redux,
          due_unseen_surprise, uniq_natasha
D:4:      layout_loops_ring, riverfiend_overflow_shadow_ancestor,
          minmay_temple_entry_butterflies, grunt_decor_clamped, eino_curves_02,
          kennysheep_generic_room_13
D:5:      layout_cave_pools
D:6:      layout_cave_pools, serial_shops, kennysheep_mini
D:7:      layout_cave_pools, worms_lemuel, uniq_prince_ribbit1
D:8:      layout_rooms, nemelex_xobeh_ov_fountains_minmay,
          grunt_lair_entry_orc_guard_hut, gammafunk_ghost_spectres, uniq_maggie

Skill      XL: |  1  2  3  4  5  6  7  8  9 |
---------------+----------------------------+-----
Axes           | 4 5 6 8 9 11 12 15 | 15.6
Fighting       | 4 8 |  8.0
Armour         | |  2.4
Dodging        | |  2.1

Action                   |  1- 3 |  4- 6 |  7- 9 | 10-12 || total
-------------------------+-------+-------+-------+-------++-------
Melee: Hand axe          |    92 |   139 |     6 |       ||   237
       Headbutt          |    11 |    27 |    38 |       ||    76
       War axe           |       |       |   165 |     1 ||   166
Throw: Stone             |       |    27 |       |       ||    27
Invok: Berserk           |       |     1 |     6 |       ||     7
  Use: Scroll            |       |     6 |     1 |       ||     7
       Potion            |       |       |       |     1 ||     1
Armor: Chain mail        |    55 |    64 |    55 |       ||   174
       Plate armour      |       |       |    18 |       ||    18
Dodge: Dodged            |    46 |    58 |    86 |       ||   190
Block: Other             |       |       |    36 |       ||    36
